 Dungeon Crawl Stone Soup version 0.19.0-9-gfd783f2 (webtiles) character file.

7541 imganon the Cleaver (level 10, -18/70 HPs)
             Began as a Demonspawn Berserker on Nov 7, 2016.
             Was a High Priest of Trog.
             Demolished by a white ugly thing (27 damage)
             ... on level 9 of the Dungeon.
             The game lasted 00:13:50 (8905 turns).

imganon the Cleaver (Demonspawn Berserker)          Turns: 8905, Time: 00:13:51

Health: -18/70     AC: 14    Str: 25    XL:     10   Next: 96%
Magic:  3/3        EV:  8    Int: 10    God:    Trog [*****.]
Gold:   495        SH:  0    Dex: 12    Spells: 0 memorised, 9 levels left

rFire  . . .     SeeInvis +     K - +4 executioner's axe (antimagic)
rCold  . . .     Gourm    .     s - +0 plate armour
rNeg   + . .     Faith    .     (shield currently unavailable)
rPois  +         Spirit   .     (helmet unavailable)
rElec  .         Reflect  .     j - +0 cloak {rPois}
rCorr  .         Harm     .     p - +0 pair of gloves
MR     .....                    y - +0 pair of boots
Stlth  ..........               (no amulet)
                                t - ring of see invisible
                                w - ring of Figeckul {Wiz rN+}

@: mighty
A: horns 3, powered by pain 2, spiny 2, sturdy frame 1
a: Berserk, Trog's Hand, Brothers in Arms, Burn Spellbooks, Renounce Religion


You were on level 9 of the Dungeon.
You worshipped Trog.
Trog was extremely pleased with you.
You were not hungry.

You visited 1 branch of the dungeon, and saw 9 of its levels.

You collected 590 gold pieces.
You spent 95 gold pieces at shops.

Inventory:

Hand Weapons
 a - a +0 hand axe
 I - a +0 battleaxe
 K - a +4 antimagic executioner's axe (weapon)
Armour
 j - a +0 cloak of poison resistance (worn)
 p - a +0 pair of gloves (worn)
 s - a +0 plate armour (worn)
 y - a +0 pair of boots (worn)
Jewellery
 t - a ring of see invisible (right hand)
 w - the ring of Figeckul (left hand) {Wiz rN+}
   (You bought it in a shop on level 4 of the Dungeon)

   [ring of wizardry]

   It improves your spell success rate.
   It protects you from negative energy.
Wands
 C - a wand of slowing (20/48)
Scrolls
 b - 3 scrolls of fear
 e - 2 scrolls of enchant armour
 f - 10 scrolls of identify
 i - a scroll of recharging
 k - 2 scrolls of enchant weapon {unknown}
 l - 2 scrolls of fog {unknown}
 n - 8 scrolls of remove curse
 o - 2 scrolls of teleportation {unknown}
 r - a scroll of noise {unknown}
 z - a scroll of vulnerability {unknown}
 B - a scroll of amnesia {unknown}
 F - a scroll of magic mapping {unknown}
 H - a scroll of blinking {unknown}
Potions
 d - a potion of heal wounds
 g - a potion of brilliance
 h - 5 potions of curing {unknown}
 m - 4 potions of degeneration {unknown}
 u - 2 potions of might
 v - 3 potions of flight {unknown}
 x - 2 potions of cure mutation
 D - 2 potions of cancellation {unknown}
 E - a potion of agility
Books
 G - a book of Clouds

   Spells                             Type                      Level
   a - Mephitic Cloud                 Conjuration/Poison/Air       3
   b - Conjure Flame                  Conjuration/Fire             3
   c - Poisonous Cloud                Conjuration/Poison/Air       6
   d - Freezing Cloud                 Conjuration/Ice/Air          6
   e - Ring of Flames                 Charms/Fire                  7
   Trog disapproves of the use of such an item.
Comestibles
 c - 8 bread rations
 q - 6 meat rations
 A - 8 beef jerkies


   Skills:
 - Level 3.0 Fighting
 + Level 14.9 Axes
 - Level 1.7 Armour
 - Level 1.7 Dodging


You had 9 spell levels left.
You didn't know any spells.

Dungeon Overview and Level Annotations

Branches:
Dungeon (9/15)             Temple (0/1) D:4            Lair (0/6) D:8
    Orc (0/2) D:9

Altars:
Ashenzari
Fedhas
Gozag
Makhleb
Ru
The Shining One

Shops:
D:4 [[**   D:7 }


Innate Abilities, Weirdness & Mutations

You have a pair of large horns on your head.
You sometimes gain power by taking damage.
You are mostly covered in sharp spines.
Your movements are slightly less encumbered by armour. (ER -2)


Message History

K - a +4 antimagic executioner's axe (weapon)
You now have 495 gold pieces (gained 7).
m - 4 golden potions (gained 1)
Found a staircase to the Orcish Mines.
A white ugly thing comes into view.
The white ugly thing gurgles horribly!
A white ugly thing is nearby!
A white ugly thing is nearby!
The white ugly thing gores you but does no damage.
You barely miss the white ugly thing. The white ugly thing gores you.
The white ugly thing freezes you!!
You barely miss the white ugly thing. The white ugly thing gores you.
The white ugly thing freezes you!!
* * * LOW HITPOINT WARNING * * *
You focus on the pain.
You feel very mighty all of a sudden. The white ugly thing gores you.
* * * LOW HITPOINT WARNING * * *
The white ugly thing freezes you!!
You die...

#.#...#.# #.
.#.#.รท.#.# #.#
##.#.##.##.#
#..#+#..#..#.#..#
#.......#......##
#.8.8.###.....#
##.....###....##
.#.......#....##
......u@....###
##.......####
####>#### ##


You could see a white ugly thing.

Vanquished Creatures
  Gastronok (D:9)
  A troll (D:9)
  A hornet (D:7)
  A two-headed ogre (D:8)
  A hippogriff (D:7)
  Sigmund (D:4)
  A wyvern (D:8)
  4 yaks (D:9)
  2 hungry ghosts
  2 wargs (D:8)
  Edmund (D:4)
  Duvessa (D:6)
  3 orc warriors
  3 ice beasts
  3 ogres
  A phantom (D:9)
  4 centaurs
  A big kobold (D:7)
  A gnoll sergeant (D:7)
  3 bullfrogs
  Dowan (D:6)
  A scorpion (D:5)
  3 killer bees (D:8)
  A howler monkey (D:6)
  6 crimson imps
  A quasit (D:7)
  3 centaur zombies
  5 jellies
  3 bullfrog skeletons
  8 orc priests
  Crazy Yiuf (D:3)
  3 hounds
  Jessica (D:3)
  3 iguanas
  19 orc wizards
  2 worker ants
  A killer bee zombie (D:9)
  2 hound zombies
  7 gnolls
  2 howler monkey skeletons
  9 adders
  A shadow imp (D:7)
  An ooze (D:1)
  An adder skeleton (D:5)
  6 worms
  2 dart slugs
  39 orcs
  5 giant cockroaches
  7 goblins
  9 hobgoblins
  12 jackals
  10 kobolds
  3 quokkas
  A ball python (D:1)
  A ball python zombie (D:5)
  6 bats
  2 frilled lizards
  A leopard gecko skeleton (D:5)
  A quokka zombie (D:6)
  8 rats
234 creatures vanquished.

Notes
Turn   | Place    | Note
-------+----------+-------------------------------------------
     0 | D:1      | imganon the Demonspawn Berserker began the quest for the Orb.
     0 | D:1      | Reached XP level 1. HP: 18/18 MP: 1/1
   150 | D:1      | Reached skill level 3 in Axes
   212 | D:1      | Gained mutation: Your movements are slightly less encumbered by armour. (ER -2) [demonic ancestry]
   212 | D:1      | Reached XP level 2. HP: 19/24 MP: 2/2
   603 | D:1      | Reached XP level 3. HP: 29/29 MP: 3/3
   899 | D:2      | Reached skill level 4 in Axes
  1216 | D:2      | Reached ** piety under Trog
  1280 | D:2      | You fall through a shaft!
  1466 | D:3      | Found a runed door.
  1470 | D:3      | Noticed Crazy Yiuf
  1475 | D:3      | Killed Crazy Yiuf
  1475 | D:3      | Gained mutation: You sometimes gain a little power by taking damage. [demonic ancestry]
  1475 | D:3      | Reached XP level 4. HP: 35/35 MP: 4/4
  1696 | D:3      | Reached skill level 5 in Axes
  1845 | D:3      | Found a glowing golden altar of the Shining One.
  1903 | D:3      | Noticed Jessica
  1908 | D:3      | Killed Jessica
  1908 | D:3      | Gained mutation: You have a pair of small horns on your head. [demonic ancestry]
  1908 | D:3      | Reached XP level 5. HP: 38/41 MP: 5/5
  2863 | D:4      | Found a blossoming altar of Fedhas.
  2887 | D:4      | Noticed Sigmund
  2896 | D:4      | Killed Sigmund
  2896 | D:4      | Reached skill level 6 in Axes
  2896 | D:4      | Gained mutation: You sometimes gain power by taking damage. [demonic ancestry]
  2896 | D:4      | Reached XP level 6. HP: 41/47 MP: 6/6
  3344 | D:4      | Noticed Edmund
  3354 | D:4      | Killed Edmund
  3354 | D:4      | Reached skill level 7 in Axes
  3354 | D:4      | Gained mutation: You are partially covered in sharp spines. [demonic ancestry]
  3354 | D:4      | Reached XP level 7. HP: 52/52 MP: 7/7
  3414 | D:4      | Found a staircase to the Ecumenical Temple.
  3571 | D:4      | Found Safiozxa's Assorted Antiques.
  3596 | D:4      | Found Wadghuol's Assorted Antiques.
  3800 | D:4      | Reached skill level 8 in Axes
  3849 | D:4      | Reached *** piety under Trog
  3900 | D:4      | Found Josi's Antique Armour Boutique.
  3945 | D:4      | Found Fomaol's Antique Armour Boutique.
  3987 | D:4      | Bought a heavily runed wooden ring for 95 gold pieces
  3987 | D:4      | Identified the ring of Figeckul {Wiz rN+} (You bought it in a shop on level 4 of the Dungeon)
  4072 | D:5      | Entered Level 5 of the Dungeon
  4262 | D:5      | Gained mutation: You are mostly covered in sharp spines. [demonic ancestry]
  4262 | D:5      | Reached XP level 8. HP: 58/58 MP: 8/8
  4265 | D:5      | Reached skill level 9 in Axes
  4474 | D:5      | Reached **** piety under Trog
  4866 | D:5      | Reached skill level 10 in Axes
  5327 | D:6      | Noticed Duvessa
  5328 | D:6      | Noticed Dowan
  5335 | D:6      | Killed Duvessa
  5346 | D:6      | Killed Dowan
  5358 | D:6      | Found an opulent altar of Gozag.
  5627 | D:6      | Reached skill level 11 in Axes
  5627 | D:6      | Gained mutation: You have a pair of horns on your head. [demonic ancestry]
  5627 | D:6      | Reached XP level 9. HP: 62/63 MP: 9/9
  6047 | D:7      | Found Jexeus's Gadget Shoppe.
  6255 | D:7      | Reached skill level 12 in Axes
  6329 | D:7      | Reached ***** piety under Trog
  7008 | D:7      | Found a shattered altar of Ashenzari.
  7008 | D:7      | Found a sacrificial altar of Ru.
  7461 | D:8      | Reached skill level 13 in Axes
  7462 | D:8      | Gained mutation: You have a pair of large horns on your head. [demonic ancestry]
  7462 | D:8      | Reached XP level 10. HP: 54/70 MP: 10/10
  7578 | D:8      | Found a burning altar of Makhleb.
  7655 | D:8      | Found a staircase to the Lair.
  8458 | D:9      | Noticed Gastronok
  8472 | D:9      | Killed Gastronok
  8472 | D:9      | Reached skill level 14 in Axes
  8592 | D:9      | Received a gift from Trog
  8897 | D:9      | Found a staircase to the Orcish Mines.
  8900 | D:9      | Noticed a white ugly thing
  8905 | D:9      | Demolished by a white ugly thing

Skill      XL: |  1  2  3  4  5  6  7  8  9 10 |
---------------+-------------------------------+-----
Axes           | 3 4 5 6 7 8 11 13 14 | 14.9
Fighting       | |  3.0
Armour         | |  1.7
Dodging        | |  1.7

Action                   |  1- 3 |  4- 6 |  7- 9 | 10-12 || total
-------------------------+-------+-------+-------+-------++-------
Melee: Hand axe          |   135 |   119 |   402 |    31 ||   687
       Headbutt          |       |    10 |    77 |    25 ||   112
       Battleaxe         |       |       |       |    70 ||    70
       Executioner's axe |       |       |       |     2 ||     2
Invok: Berserk           |     1 |     4 |     3 |     3 ||    11
  Use: Scroll            |       |       |     9 |       ||     9
 Stab: Sleeping          |     2 |       |       |       ||     2
  Eat: Chunk             |     2 |     8 |    12 |     9 ||    31
       Pizza             |       |     1 |     1 |       ||     2
       Bread ration      |       |       |     1 |       ||     1
Armor: Animal skin       |     2 |       |       |       ||     2
       Leather armour    |    23 |    25 |       |       ||    48
       Plate armour      |       |    10 |   213 |    37 ||   260
Dodge: Dodged            |    87 |    59 |    94 |    19 ||   259
